 Dungeon Crawl Stone Soup version 0.28-a0-465-ge2dae52223 (webtiles) character file.

Game seed: 1799223152445313815

110864 sleeves the Warrior (level 16, 0/151 HPs)
             Began as a Yellow Draconian Cinder Acolyte on Sept 14, 2021.
             Was a High Priest of Ignis.
             Constricted to death by a shambling mangrove (3 damage)
             ... on level 1 of the Swamp.
             The game lasted 01:09:34 (30177 turns).

sleeves the Warrior (DrCA)                         Turns: 30177, Time: 01:09:34

Health: 0/151      AC: 14    Str: 17    XL:     16   Next: 8%
Magic:  0/32       EV:  8    Int: 22    God:    Ignis [*****.]
Gold:   2405       SH:  6    Dex: 16    Spells: 11/39 levels left

rFire   + + .      SeeInvis .   b - +10 falchion of the Coin {freeze, Will+ Dex+4 Stlth+}
rCold   . . .      Faith    .   D - +0 buckler
rNeg    . . .      Spirit   .   (armour unavailable)
rPois   .          Reflect  .   Q - +0 hat
rElec   .          Harm     .   V - +2 cloak {Stlth+}
rCorr   +          Rampage  .   q - +0 pair of gloves
Will    +++..                   I - +0 pair of boots
Stlth   ++........              k - amulet of regeneration
HPRegen 1.35/turn               e - ring of the Salmon {rF+ Will+}
MPRegen 0.23/turn               J - ring "Nefuyll" {Dex+6 Slay+3}

@: lethally poisoned (0 -> -1), grasped by roots, constricted, very slow
A: spit acid, AC +9, unfitting armour, acidic bite, cold-blooded, acid
resistance
a: Breathe Acid, Renounce Religion, Sea of Fire, Foxfire Swarm, Rising Flame


You were on level 1 of the Swamp.
You worshipped Ignis.
Ignis was extremely pleased with you.
You visited 4 branches of the dungeon, and saw 24 of its levels.
You also visited: Ossuary, Bailey and Gauntlet.

You collected 3150 gold pieces.
You spent 745 gold pieces at shops.

Inventory:

Hand Weapons
 b - the +10 falchion of the Coin (weapon) {freeze, Will+ Dex+4 Stlth+}
   (You took it off an orc warrior in a bailey)

   It freezes those it strikes, dealing additional cold damage.
   It can also slow down cold-blooded creatures.
   Dex:       It affects your dexterity (+4).
   Will:      It increases your willpower.
   Stlth:     It makes you more stealthy.
 r - a +4 scimitar of flaming
   (You took it off Azrael on level 2 of the Orcish Mines)
 S - the +9 short sword of Prudence {freeze, rElec rPois Will++ Dex-2}
   (You found it in a Gauntlet)

   It freezes those it strikes, dealing additional cold damage.
   It can also slow down cold-blooded creatures.
   Dex:       It affects your dexterity (-2).
   rElec:     It insulates you from electricity.
   rPois:     It protects you from poison.
   Will:      It greatly increases your willpower.
Missiles
 o - 2 throwing nets
Armour
 q - a +0 pair of gloves (worn)
   (You found it on level 3 of the Dungeon)
 D - a +0 buckler (worn)
   (You took it off a gnoll sergeant on level 7 of the Dungeon)
 E - a +2 kite shield
   (You found it on level 8 of the Dungeon)
 I - a +0 pair of boots (worn)
   (You found it on level 4 of the Lair of Beasts)
 P - a +1 kite shield of positive energy
   (You took it off a minotaur in a Gauntlet)
 Q - a +0 hat (worn)
   (You found it in a Gauntlet)
 V - a +2 cloak of stealth (worn)
   (You took it off Maurice on level 1 of the Orcish Mines)
Jewellery
 a - a ring of protection from fire
   (You found it on level 11 of the Dungeon)
 e - the ring of the Salmon (left hand) {rF+ Will+}
   (You bought it in a shop on level 1 of the Orcish Mines)

   [ring of protection from fire]

   rF:        It protects you from fire.
   Will:      It increases your willpower.
 k - an amulet of regeneration (around neck)
   (You found it on level 2 of the Dungeon)
 J - the ring "Nefuyll" (right hand) {Dex+6 Slay+3}
   (You found it on level 4 of the Lair of Beasts)

   [ring of dexterity]

   Dex:       It affects your dexterity (+6).
   Slay:      It affects your accuracy & damage with ranged weapons and melee
   (+3).
 N - a ring of ice
   (You found it on level 5 of the Lair of Beasts)
 T - an amulet of reflection
   (You found it on level 6 of the Lair of Beasts)
Wands
 v - a wand of polymorph (32)
   (You found it on level 4 of the Dungeon)
 w - a wand of paralysis (20)
   (You found it on level 5 of the Dungeon)
 y - a wand of acid (22)
   (You found it on level 6 of the Dungeon)
 K - a wand of iceblast (6)
   (You took it off Harold on level 11 of the Dungeon)
 R - a wand of flame (30)
   (You found it in a Gauntlet)
 U - a wand of digging (4)
   (You took it off Maurice on level 1 of the Orcish Mines)
Scrolls
 d - 7 scrolls of vulnerability
 f - 14 scrolls of teleportation
 g - 2 scrolls of torment
 h - 2 scrolls of immolation
 m - a scroll of blinking {unknown}
 n - 5 scrolls of amnesia
 t - 5 scrolls of magic mapping
 x - 2 scrolls of fog
 z - 2 scrolls of silence {unknown}
 F - 2 scrolls of enchant armour {unknown}
 H - a scroll of holy word {unknown}
 M - 3 scrolls of enchant weapon
 O - a scroll of brand weapon
Potions
 c - 8 potions of curing
 i - 2 potions of might {unknown}
 j - 8 potions of ambrosia
 l - 4 potions of resistance
 p - 2 potions of cancellation
 s - 5 potions of brilliance
 u - 2 potions of mutation {unknown}
 A - 3 potions of haste
 B - 4 potions of flight
 C - 5 potions of lignification
 W - 3 potions of attraction {unknown}


   Skills:
 - Level 16.0 Fighting
 - Level 14.0 Long Blades
 + Level 3.2 Stealth
 + Level 9.3 Shields
 - Level 12.0 Spellcasting
 - Level 15.0 Conjurations
 - Level 5.0 Translocations
 + Level 4.5 Fire Magic


You had 11 spell levels left.
You knew the following spells:

 Your Spells              Type           Power      Damage    Failure   Level
a - Scorch                Fire           66%        2d8       1%          2
b - Iskenderun's Mystic   Conj/Tloc      55%        2d12      1%          4
c - Blink                 Tloc           N/A        N/A       1%          2
d - Hailstorm             Conj/Ice       46%        3d11      2%          4
e - Mephitic Cloud        Conj/Pois/Air  35%        N/A       1%          3
f - Passage of Golubria   Tloc           N/A        N/A       6%          4
g - Flame Wave            Conj/Fire      54%        3d10      1%          4
h - Fireball              Conj/Fire      27%        3d12      2%          5

Your spell library contained the following spells:

 Spells                   Type           Power      Damage    Failure   Level
 Magic Dart               Conj           100%       1d8       0%          1
 Foxfire                  Conj/Fire      100%       2x1d9     1%          1
 Shock                    Conj/Air       100%       1d9       1%          1
 Static Discharge         Conj/Air       46%        N/A       1%          2
 Gell's Gravitas          Tloc           17%        N/A       1%          3
 Stone Arrow              Conj/Erth      92%        3d12      1%          3
 Teleport Other           Tloc           35%        N/A       1%          3
 Sticky Flame             Conj/Fire      54%        2d7       1%          4
 Beastly Appendage        Tmut           26%        N/A       4%          1
 Freeze                   Ice            52%        1d7       4%          1
 Pain                     Necr           52%        1d6       4%          1
 Portal Projectile        Hex/Tloc       48%        N/A       5%          3
 Call Imp                 Summ           13%        N/A       8%          2
 Passwall                 Tmut/Erth      10%        N/A       8%          2
 Sublimation of Blood     Necr           6%         N/A       8%          2
 Wereblood                Tmut           13%        N/A       8%          2
 Call Canine Familiar     Summ           13%        N/A       14%         3
 Frozen Ramparts          Ice            26%        1d4       14%         3
 Spider Form              Tmut/Pois      6%         N/A       14%         3
 Swiftness                Air            13%        N/A       14%         3
 Tukima's Dance           Hex            13%        N/A       14%         3
 Airstrike                Air            6%         N/A       43%         4
 Dispel Undead            Necr           13%        3d9       43%         4
 Ice Form                 Ice/Tmut       13%        N/A       43%         4
 Leda's Liquefaction      Hex/Erth       6%         N/A       43%         4
 Olgreb's Toxic Radiance  Pois           13%        N/A       43%         4
 Dispersal                Tloc           17%        N/A       67%         6
 Agony                    Necr           13%        N/A       80%         5
 Blade Hands              Tmut           6%         N/A       80%         5
 Excruciating Wounds      Necr           6%         N/A       80%         5
 Yara's Violent Unravell  Hex/Tmut       6%         3d5       80%         5
 Invisibility             Hex            6%         N/A       100%        6
 Simulacrum               Ice/Necr       6%         N/A       100%        6
 Summon Cactus Giant      Summ           6%         N/A       100%        6
 Dragon Form              Tmut           6%         N/A       100%        7
 Malign Gateway           Summ/Tloc      12%        N/A       100%        7
 Monstrous Menagerie      Summ           6%         N/A       100%        7
 Ozocubu's Refrigeration  Ice            6%         4d6       100%        7
 Summon Hydra             Summ           6%         N/A       100%        7
 Disjunction              Tloc           17%        N/A       100%        8
 Ignition                 Fire           16%        3d7       100%        8
 Summon Horrible Things   Summ           6%         N/A       100%        8
 Fire Storm               Conj/Fire      27%        8d7       100%        9


Dungeon Overview and Level Annotations

Branches:
Dungeon (15/15)            Temple (0/1) D:4            Lair (6/6) D:10
  Swamp (1/4) Lair:4        Snake (0/4) Lair:4        Slime (0/5) Lair:5
    Orc (2/2) D:10            Elf (0/3) Orc:2        Vaults (0/5) D:13
 Depths (0/5) D:15        Ossuary (visited)          Bailey (visited)
Gauntlet (visited)

Altars:
Ashenzari
Cheibriados
Elyvilon
Fedhas
Kikubaaqudgha
Makhleb
Nemelex Xobeh
Ru
Sif Muna
Trog
Wu Jian
Xom
Yredelemnul
Zin
The Shining One
Jiyva

Shops:
D:6 *   D:9 =   D:10 (   Orc:1 *:!   Orc:2 *[=(

Annotations:
D:3 1 runed translucent door, Crazy Yiuf
D:4 2 runed translucent doors, sirboomalot's ghost, amateur DsFi
D:12 1 runed translucent door, olmar's ghost, journeyman DDFi
Lair:5 1 runed translucent door


Innate Abilities, Weirdness & Mutations

You can spit globs of acid.
Your golden yellow scales are hard. (AC +9)
You cannot fit into any form of body armour.
You have acidic saliva.
You are cold-blooded and may be slowed by cold attacks.
You are resistant to acid. (rCorr)


Message History

You slash the meliai! You freeze the meliai.
The meliai is severely wounded.
You block the meliai's attack. The meliai closely misses you.
The meliai barely misses you.
The meliai stings you but does no damage.
You miss the meliai.
The meliai is severely wounded.
The meliai hits you. The meliai stings you!
You miss the meliai.
The meliai is severely wounded.
The meliai barely misses you. The meliai stings you.
You hit the meliai. You freeze the meliai.
The meliai is almost dead.
The meliai hits you. The meliai barely misses you.
You hit the meliai. You freeze the meliai.
You kill the meliai!
You barely miss the skeletal warrior.
You tail-slap the skeletal warrior, but do no damage.
The skeletal warrior is lightly damaged.
The skeletal warrior hits you with a +0 war axe.
You slash the skeletal warrior! You freeze the skeletal warrior.
Your bite misses the skeletal warrior.
The skeletal warrior is heavily damaged.
You hit the skeletal warrior.
You tail-slap the skeletal warrior, but do no damage.
The skeletal warrior is heavily damaged.
You hit the skeletal warrior.
You tail-slap the skeletal warrior, but do no damage.
The skeletal warrior is lightly damaged.
You block the skeletal warrior's attack.
Found 24 bolts.
Found a stone staircase leading up.
Casting: Fireball (mildly dangerous; 3% risk of failure)
Confirm with . or Enter, or press ? or * to list all spells.
Casting: Flame Wave (mildly dangerous; 1% risk of failure)
Press: ? - help, Dir - look around, f - activate A wave of flame ripples out!
The flame wave engulfs the skeletal warrior!
The skeletal warrior is moderately damaged. (Press . to intensify the flame waves.)
You hear a roar!
The skeletal warrior hits you with a +0 short sword!
There are monsters nearby!
A wave of flame ripples out!
The flame wave engulfs the skeletal warrior.
The skeletal warrior is heavily damaged.
The flame wave engulfs the skeletal warrior.
The skeletal warrior is heavily damaged.
You hear a roar!
The skeletal warrior hits you but does no damage.
You hear an angry buzzing noise.
A wave of flame ripples out!
The flame wave engulfs the skeletal warrior!
The skeletal warrior is heavily damaged.
The flame wave engulfs the skeletal warrior!
The skeletal warrior is severely damaged.
You finish channelling waves of flame.
The skeletal warrior hits you with a +0 short sword.
You hit the skeletal warrior but do no damage.
Your tail-slap misses the skeletal warrior.
The skeletal warrior is heavily damaged.
The skeletal warrior hits you with a +0 short sword.
You hit the skeletal warrior.
The skeletal warrior is heavily damaged.
You slash the skeletal warrior! You freeze the skeletal warrior.
You tail-slap the skeletal warrior.
You bite the skeletal warrior, but do no damage.
The skeletal warrior is almost destroyed.
The skeletal warrior hits you with a +0 short sword!
You slash the skeletal warrior!
You destroy the skeletal warrior!
Your Stealth skill increases to level 1!
You hit the skeletal warrior.
You bite the skeletal warrior, but do no damage.
The skeletal warrior is severely damaged.
The skeletal warrior hits you with a +0 war axe.
You hit the skeletal warrior but do no damage.
You tail-slap the skeletal warrior, but do no damage.
The skeletal warrior is severely damaged.
You hit the skeletal warrior.
Your tail-slap misses the skeletal warrior.
The skeletal warrior is severely damaged.
The skeletal warrior closely misses you.
You slash the skeletal warrior! You freeze the skeletal warrior.
You destroy the skeletal warrior!
There is a stone staircase leading up here.
You start resting.
A four-headed hydra is nearby!
A four-headed hydra is nearby!
You climb upwards.
There is a stone staircase leading down here.
You start resting.
Magic restored.
The +10 falchion of the Coin {freeze, Will+ Dex+4 Stlth+} stops glowing.
Your +4 scimitar of flaming bursts into flame!
r - a +4 scimitar of flaming (weapon)
You climb downwards.
There is a stone staircase leading up here.
HP restored.
Things that are here:
a +0 short sword; a +0 war axe You now have 2318 gold pieces (gained 11).
You see here a +0 dire flail.
Things that are here:
a +0 short sword; a +0 war axe
There is a stone staircase leading up here.
You see here 24 bolts.
You open the door.
A naga mage comes into view. It is wielding a +0 club.
A naga mage is nearby!
Your +4 scimitar of flaming stops flaming.
You feel agile.
The +10 falchion of the Coin {freeze, Will+ Dex+4 Stlth+} glows with a cold blue light!
b - the +10 falchion of the Coin (weapon)
{freeze, Will+ Dex+4 Stlth+}
Found a book of Touch.
There is an open door here.
The helpless naga mage fails to defend itself.
You slash the naga mage! You freeze the naga mage.
The naga mage is heavily wounded.
You hit the naga mage. You freeze the naga mage.
The naga mage is heavily wounded.
The naga mage casts a spell at you. The bolt of poison hits you!
You are poisoned.
You hear a shout! x2
You slash the naga mage! You freeze the naga mage.
The naga mage is almost dead.
You feel sick.
You hear a shout!
You slash the naga mage! You freeze the naga mage.
You kill the naga mage!
You feel sick.
No target in view!
You feel sick.
You feel sick.
A wizard comes into view. It is wielding a +0 dagger.
You feel sick.
You catch the helpless wizard completely off-guard!
You hit the wizard but do no damage. You tail-slap the wizard.
The wizard is lightly wounded.
You slash the wizard! You freeze the wizard. Your bite misses the wizard.
The wizard is heavily wounded.
You feel sick. You block the wizard's attack.
You barely miss the wizard. You tail-slap the wizard.
The wizard is severely wounded.
You feel sick. The wizard barely misses you.
You slash the wizard! You freeze the wizard.
You kill the wizard!
No target in view!
You feel sick.
You feel sick.
You are no longer poisoned.
A deep elf pyromancer comes into view.
It is wielding a +0 short sword and wearing a +0 ring mail of fire resistance.
Things that are here:
a +0 club; a naga corpse The deep elf pyromancer shouts!
You slice the deep elf pyromancer!! You freeze the deep elf pyromancer!
You bite the deep elf pyromancer, but do no damage.
The deep elf pyromancer is severely wounded.
The deep elf pyromancer barely misses you.
You slash the deep elf pyromancer! You freeze the deep elf pyromancer.
You kill the deep elf pyromancer!
No target in view!
No target in view!
Things that are here:
a +0 short sword; a +0 ring mail of fire resistance; an elf corpse
Things that are here:
a +0 club; a naga corpse
Found a war axe.
Things that are here:
a +0 dagger; a +0 robe You pick up a book of Touch and begin reading...
You add the spells Static Discharge, Sticky Flame and Dispel Undead to your library.
A centaur warrior simulacrum comes into view.
A centaur warrior simulacrum is nearby!
A centaur warrior simulacrum is nearby!
A centaur warrior skeleton comes into view.
You strike the helpless centaur warrior simulacrum from behind!
You hit the centaur warrior simulacrum.
The centaur warrior simulacrum is lightly damaged.
The centaur warrior simulacrum barely misses you.
You block the centaur warrior simulacrum's attack.
You slash the centaur warrior simulacrum!
The centaur warrior simulacrum is severely damaged.
You hear a shout! x2
A centaur warrior skeleton comes into view.
An orc sorcerer comes into view.
It is wielding a +0 dagger and wearing a +2 robe of positive energy.
You hit the centaur warrior simulacrum.
The centaur warrior simulacrum is severely damaged.
The centaur warrior simulacrum closely misses you.
The centaur warrior simulacrum kicks you but does no damage.
You hit the centaur warrior simulacrum.
You tail-slap the centaur warrior simulacrum.
The centaur warrior simulacrum vaporises!
The orc sorcerer casts a spell at you.
You hear a sizzling sound!
A necromancer comes into view. It is wielding a +1 dagger of venom.
You hit the centaur warrior skeleton.
You tail-slap the centaur warrior skeleton.
The centaur warrior skeleton is lightly damaged.
The centaur warrior skeleton barely misses you.
You block the centaur warrior skeleton's attack.
You slice the centaur warrior skeleton!!
The centaur warrior skeleton is heavily damaged.
A centaur warrior skeleton comes into view.
You slash the centaur warrior skeleton!
The centaur warrior skeleton is severely damaged.
The centaur warrior skeleton hits you but does no damage.
The centaur warrior skeleton kicks you but does no damage.
You hit the centaur warrior skeleton.
The centaur warrior skeleton is severely damaged.
The centaur warrior skeleton hits you but does no damage.
The centaur warrior skeleton kicks you but does no damage.
You hit the centaur warrior skeleton. You bite the centaur warrior skeleton.
The centaur warrior skeleton is splashed with acid!
The acid corrodes the centaur warrior skeleton!
The centaur warrior skeleton is almost destroyed.
The necromancer gestures wildly while chanting.
The necromancer binds the souls of nearby monsters.
The centaur warrior skeleton hits you but does no damage.
The centaur warrior skeleton kicks you but does no damage.
You slash the centaur warrior skeleton!
You destroy the centaur warrior skeleton!
The necromancer hits you but does no damage.
You are poisoned.
You hit the necromancer. You freeze the necromancer.
The necromancer is lightly wounded.
You feel sick.
The centaur warrior skeleton hits you but does no damage.
The centaur warrior skeleton misses you.
You slash the necromancer! You freeze the necromancer.
The necromancer is heavily wounded.
You feel sick.
The necromancer hits you with a +1 dagger of venom.
You are more poisoned.
You slash the necromancer! You freeze the necromancer.
The necromancer is almost dead.
You feel sick.
The centaur warrior skeleton hits you but does no damage.
The centaur warrior skeleton kicks you but does no damage.
You closely miss the necromancer.
Your tail-slap misses the necromancer.
You bite the necromancer.
The necromancer is splashed with acid!
You kill the necromancer!
You feel sick.
You completely miss the orc sorcerer. You tail-slap the orc sorcerer.
The orc sorcerer is lightly wounded.
You feel sick.
You slash the orc sorcerer! You freeze the orc sorcerer.
The orc sorcerer is heavily wounded.
You feel sick.
The centaur warrior skeleton barely misses you.
You block the centaur warrior skeleton's attack.
You slash the orc sorcerer! You freeze the orc sorcerer.
The orc sorcerer is almost dead.
You feel sick.
The orc sorcerer hits you with a +0 dagger.
You hit the orc sorcerer but do no damage.
You tail-slap the orc sorcerer.
You kill the orc sorcerer!
You feel sick.
The centaur warrior skeleton hits you but does no damage.
The centaur warrior skeleton kicks you but does no damage.
You slash the centaur warrior skeleton! You bite the centaur warrior skeleton.
The centaur warrior skeleton is splashed with acid!
The centaur warrior skeleton is moderately damaged.
You feel sick.
The centaur warrior skeleton hits you but does no damage.
The centaur warrior skeleton kicks you.
You slash the centaur warrior skeleton!
You freeze the centaur warrior skeleton.
The centaur warrior skeleton is heavily damaged.
You feel sick.
The centaur warrior skeleton closely misses you.
The centaur warrior skeleton kicks you but does no damage.
You block the centaur warrior skeleton's attack.
The centaur warrior skeleton kicks you but does no damage.
You slash the centaur warrior skeleton!
You freeze the centaur warrior skeleton.
The centaur warrior skeleton is severely damaged.
You feel sick.
The centaur warrior skeleton hits you but does no damage.
You block the centaur warrior skeleton's attack.
You slash the centaur warrior skeleton!
You tail-slap the centaur warrior skeleton.
You bite the centaur warrior skeleton.
The centaur warrior skeleton is splashed with acid.
The acid corrodes the centaur warrior skeleton!
The centaur warrior skeleton is almost destroyed.
You feel sick.
The centaur warrior skeleton closely misses you.
The centaur warrior skeleton kicks you but does no damage.
The centaur warrior skeleton hits you but does no damage.
The centaur warrior skeleton kicks you.
You slash the centaur warrior skeleton!
You destroy the centaur warrior skeleton!
The centaur warrior skeleton hits you but does no damage.
The centaur warrior skeleton closely misses you.
You slice the centaur warrior skeleton!!
The centaur warrior skeleton is moderately damaged.
You feel sick.
You slash the centaur warrior skeleton!
You tail-slap the centaur warrior skeleton!
The centaur warrior skeleton is heavily damaged.
The centaur warrior skeleton hits you but does no damage.
You block the centaur warrior skeleton's attack.
You hit the centaur warrior skeleton.
The centaur warrior skeleton is severely damaged.
You feel sick.
The centaur warrior skeleton misses you.
The centaur warrior skeleton barely misses you.
You slash the centaur warrior skeleton!
You freeze the centaur warrior skeleton.
You tail-slap the centaur warrior skeleton, but do no damage.
The centaur warrior skeleton is almost destroyed.
You feel sick.
The centaur warrior skeleton hits you but does no damage.
The centaur warrior skeleton barely misses you.
You hit the centaur warrior skeleton.
The centaur warrior skeleton is almost destroyed.
The centaur warrior skeleton barely misses you. x2
You slash the centaur warrior skeleton!
You destroy the centaur warrior skeleton!
You feel sick.
You are no longer poisoned.
Found a staircase to the Depths.
Things that are here:
a +0 dagger; a +2 robe of positive energy; an orc corpse No target in view!
Things that are here:
a +1 dagger of venom; a +0 robe
There is an open door here.
You now have 2326 gold pieces (gained 8).
Key pressed, stopping explore.
You now have 2334 gold pieces (gained 8).
A yaktaur comes into view.
A yaktaur is nearby!
A yaktaur is nearby!
A yaktaur is nearby!
A yaktaur comes into view.
A yaktaur comes into view.
The yaktaur shouts! x2
The yaktaur drinks a potion.
The yaktaur goes berserk!
A yaktaur comes into view. It is wielding a +0 dagger.
The yaktaur shouts!
You block the yaktaur's attack.
You slice the yaktaur!! You freeze the yaktaur. You tail-slap the yaktaur.
The yaktaur is severely wounded.
You hit the yaktaur. You freeze the yaktaur.
The yaktaur is almost dead.
You slash the yaktaur! You freeze the yaktaur.
You kill the yaktaur!
The yaktaur rages.
Your Stealth skill increases to level 2!
You slash the yaktaur! You freeze the yaktaur. Your bite misses the yaktaur.
The yaktaur is moderately wounded.
You hit the yaktaur. You freeze the yaktaur.
The yaktaur is moderately wounded.
The yaktaur hits you!!
You barely miss the yaktaur.
The yaktaur is moderately wounded.
The yaktaur hits you but does no damage.
You slice the yaktaur!! You freeze the yaktaur!
The yaktaur is severely wounded.
The yaktaur hits you.
You slice the yaktaur!! You freeze the yaktaur!
You kill the yaktaur!
You hit the yaktaur but do no damage. You hit the yaktaur.
You freeze the yaktaur.
The yaktaur is lightly wounded.
The yaktaur barely misses you.
You barely miss the yaktaur.
You tail-slap the yaktaur, but do no damage.
The yaktaur is lightly wounded.
You hit the yaktaur. You freeze the yaktaur. You tail-slap the yaktaur.
You bite the yaktaur, but do no damage.
The yaktaur is heavily wounded.
The yaktaur hits you!
You slash the yaktaur! You freeze the yaktaur.
The yaktaur is almost dead.
The yaktaur hits you but does no damage.
You slash the yaktaur! You freeze the yaktaur.
You kill the yaktaur!
The yaktaur wields a +0 arbalest.
The yaktaur shoots a bolt.
The bolt hits you!!
You are too injured to fight recklessly!
You are too injured to fight recklessly!
You are too injured to fight recklessly!
You are too injured to fight recklessly!
You are too injured to fight recklessly!
You are too injured to fight recklessly!
You are too injured to fight recklessly!
You are too injured to fight recklessly!
You are too injured to fight recklessly!
You are too injured to fight recklessly!
You are too injured to fight recklessly!
A yaktaur is nearby!
The yaktaur unwields a +0 arbalest.
The yaktaur barely misses you.
Items here: ( )))) ?.
You slash the yaktaur! You freeze the yaktaur!
The yaktaur is heavily wounded.
You hit the yaktaur. You freeze the yaktaur. You bite the yaktaur.
The yaktaur is splashed with acid.
The acid corrodes the yaktaur!
The yaktaur is severely wounded.
The yaktaur barely misses you.
You slash the yaktaur! You freeze the yaktaur.
You kill the yaktaur!
You now have 2382 gold pieces (gained 48).
Things that are here:
a +0 arbalest; 19 bolts; a yaktaur corpse
x - 2 scrolls of fog (gained 1)
Items here: ( )))).
Things that are here:
a +0 arbalest; 19 bolts; a yaktaur corpse
A - 2 potions of haste (gained 1)
Found an escape hatch in the ceiling.
Things that are here:
a +0 giant club; a +0 giant club You hear a shout! x2
You hear a shout!
You hear an angry buzzing noise.
You hear a shout!
A meliai comes into view. It is wielding a +0 hand axe.
The two-headed ogre shouts in stereo!
Something hits the bush.
A meliai is nearby!
A meliai is nearby!
Something hits the bush!
You closely miss the meliai.
The meliai invokes the aid of its god against you.
Something smites you!
You hit the meliai. You freeze the meliai.
The meliai is lightly wounded.
The meliai barely misses you. You block the meliai's attack.
Something hits the bush!
The meliai misses you. The meliai stings you!
You slash the meliai! You freeze the meliai.
The meliai is severely wounded.
The four-headed hydra bites the bush but does no damage.
The four-headed hydra bites the bush!
The four-headed hydra bites the bush.
The four-headed hydra bites the bush but does no damage.
The ogre mage hits the bush with a +0 spear.
You block the meliai's attack. The meliai closely misses you.
You slash the meliai! You freeze the meliai.
You kill the meliai!
Something hits the bush!!
The bush is destroyed!
The ogre mage hits the bush but does no damage.
Your Shields skill increases to level 9!
Something hits the bush!
The ogre mage hits the bush with a +0 spear.
The ogre hits the bush with a +0 giant club!
The bush is destroyed!
The four-headed hydra misses you. The four-headed hydra bites you.
The four-headed hydra barely misses you.
The four-headed hydra bites you.
The ogre mage mumbles some strange words.
The ogre mage flickers and vanishes!
Deactivating autopickup; reactivate with Ctrl-A.
You hack one of the four-headed hydra's heads off!
The three-headed hydra grows two more!
You slice the five-headed hydra!!
The five-headed hydra seems to slow down.
You freeze the five-headed hydra! You tail-slap the five-headed hydra.
Your bite misses the five-headed hydra.
The five-headed hydra is heavily wounded.
You hear two shouts!
Casting: Flame Wave (mildly dangerous; 1% risk of failure)
Confirm with . or Enter, or press ? or * to list all spells.
You erupt in a blast of force!
The mystic blast hits the ogre!!
The ogre is almost dead.
The ogre is knocked back by the mystic blast.
The mystic blast hits the ogre!
The ogre is heavily wounded.
The ogre is knocked back by the mystic blast.
The mystic blast hits the bush but does no damage.
The mystic blast hits the five-headed hydra!
The five-headed hydra is severely wounded.
The five-headed hydra is knocked back by the mystic blast.
The five-headed hydra collides with the ogre!
You kill the ogre!
You hear a shout!
The five-headed hydra is no longer moving slowly.
Unknown command.
Casting: Iskenderun's Mystic Blast (mildly dangerous; 1% risk of failure)
Confirm with . or Enter, or press ? or * to list all spells.
Aiming: Fireball (mildly dangerous; 3% risk of failure)
Press: ? - help, Shift-Dir - straight line, f - five-headed hydra
Aim: a five-headed hydra (severely wounded)
The fireball explodes!
The fireball engulfs the five-headed hydra!!
You kill the five-headed hydra!
You smell burning wood.
The tree burns like a torch!
The fireball engulfs something!
The fireball engulfs the two-headed ogre!
The two-headed ogre is moderately wounded.
The fireball engulfs the ogre!!
The ogre is almost dead.
Something hits you.
Casting: Fireball (mildly dangerous; 3% risk of failure)
Confirm with . or Enter, or press ? or * to list all spells.
Casting: Flame Wave (mildly dangerous; 1% risk of failure)
Press: ? - help, Dir - look around, f - activate A wave of flame ripples out!
The flame wave engulfs the ogre!
You kill the ogre!
The tree burns like a torch!
The flame wave engulfs the bush!!
The bush is on fire!
The bush is moderately damaged. (Press . to intensify the flame waves.)
The bush is engulfed in blazing flames.
Something hits you.
The ogre is engulfed in blazing flames.
You kill the ogre!
Your Fire Magic skill increases to level 4!
You start resting.
There are monsters nearby!
A wave of flame ripples out!
The flame wave engulfs the bush!!
The bush is on fire!
The bush is heavily damaged.
The tree burns like a torch!
The flame wave engulfs something!!
The bush is engulfed in blazing flames.
The centaur warrior unwields a +0 long sword.
The centaur warrior wields a +0 shortbow.
The centaur warrior shoots an arrow.
The arrow hits you!! Something hits you!
The forest fire spreads! x2
Unknown command.
Unknown command.
Unknown command.
Casting: Flame Wave (mildly dangerous; 1% risk of failure)
Confirm with . or Enter, or press ? or * to list all spells.
Aiming: Fireball (mildly dangerous; 3% risk of failure)
Press: ? - help, Shift-Dir - straight line The fireball explodes!
The fireball engulfs the centaur warrior!!
The centaur warrior is heavily wounded.
The fireball engulfs the two-headed ogre!!
The two-headed ogre is moderately wounded.
The two-headed ogre hits the bush with a +0 giant spiked club.
The two-headed ogre hits the bush with a +0 giant club!
The centaur warrior shoots an arrow.
The arrow hits you but does no damage. Something hits you but does no damage.
The forest fire spreads! x3
Casting: Fireball (mildly dangerous; 3% risk of failure)
Confirm with . or Enter, or press ? or * to list all spells.
Aiming: Fireball (mildly dangerous; 3% risk of failure)
Press: ? - help, Shift-Dir - straight line The fireball explodes!
The fireball engulfs the centaur warrior!
The centaur warrior is severely wounded.
The fireball engulfs the two-headed ogre!!
The two-headed ogre is severely wounded.
Something hits you.
The two-headed ogre hits the bush with a +0 giant spiked club!!
The bush is destroyed!
The centaur warrior shoots an arrow.
The arrow hits you.
The forest fire spreads!
Casting: Fireball (mildly dangerous; 3% risk of failure)
Confirm with . or Enter, or press ? or * to list all spells.
You don't know that spell.
The bush is engulfed in blazing flames.
The centaur warrior shoots an arrow.
The arrow barely misses you.
Reactivating autopickup.
You feel a bit more experienced.
Casting: Fireball (mildly dangerous; 3% risk of failure)
Confirm with . or Enter, or press ? or * to list all spells.
Aiming: Fireball (mildly dangerous; 3% risk of failure)
Press: ? - help, Shift-Dir - straight line The fireball explodes!
The fireball engulfs the centaur warrior!!
You kill the centaur warrior!
* * * LOW MAGIC WARNING * * *
The two-headed ogre is engulfed in blazing flames.
The two-headed ogre is engulfed in blazing flames.
Items here: ) ? [ †.
The bush is engulfed in blazing flames.
There are monsters nearby!
There are monsters nearby!
The two-headed ogre is engulfed in blazing flames.
You kill the two-headed ogre!
You have reached level 16!
You feel clever.
Unknown command.
The bush is engulfed in blazing flames.
The bush is engulfed in blazing flames.
You destroy the bush!
Unknown command.
The forest fire spreads!
Items here: ) ? [ †.
Casting: Fireball (mildly dangerous; 2% risk of failure)
Confirm with . or Enter, or press ? or * to list all spells.
Aiming: Fireball (mildly dangerous; 2% risk of failure)
Press: ? - help, Shift-Dir - straight line, f - two-headed ogre
Aim: a two-headed ogre, wielding a +0 giant spiked club and a +0 giant club (flame, severely wounded)
Okay, then.
The two-headed ogre is engulfed in blazing flames.
The two-headed ogre is engulfed in blazing flames.
You kill the two-headed ogre!
n - 5 scrolls of amnesia (gained 1)
Things that are here:
a +0 hand axe; a +0 robe; a meliai corpse You start resting.
HP restored.
You start resting.
Magic restored.
Things that are here:
a +0 giant spiked club; an ogre corpse
Things that are here:
a +0 giant club; a +0 giant spiked club
Items here: ))) [ †.
Things that are here:
a +0 giant club; an ogre corpse You now have 2405 gold pieces (gained 23).
Items here: ( )) †.
Found 15 stones.
You see here 15 stones.
Found a flail.
A - 3 potions of haste (gained 1)
A boulder beetle comes into view.
The boulder beetle curls into a ball and begins rolling!
You see here a +0 flail.
A boulder beetle is nearby!
A boulder beetle is nearby!
The fireball explodes!
The fireball engulfs the boulder beetle!
The boulder beetle is lightly wounded.
The fireball explodes!
The fireball engulfs the boulder beetle!!
The boulder beetle is heavily wounded.
The fireball explodes!
The fireball engulfs the boulder beetle!
The boulder beetle is severely wounded.
The boulder beetle misses you.
The boulder beetle stops rolling and uncurls.
You slash the boulder beetle! You freeze the boulder beetle!
The boulder beetle is almost dead.
The boulder beetle leaps!
No target in view!
No target in view!
A boulder beetle is nearby!
A boulder beetle is nearby!
A boulder beetle is nearby!
A boulder beetle is nearby!
The boulder beetle leaps!
No target in view!
No target in view!
No target in view!
A boulder beetle is nearby!
The boulder beetle curls into a ball and begins rolling!
The boulder beetle completely misses you.
The boulder beetle stops rolling and uncurls.
You hit the boulder beetle but do no damage.
Your tail-slap misses the boulder beetle.
The boulder beetle is severely wounded.
You hit the boulder beetle but do no damage.
The boulder beetle is severely wounded.
The boulder beetle bites you but does no damage.
You hit the boulder beetle but do no damage.
You tail-slap the boulder beetle, but do no damage.
The boulder beetle is severely wounded.
The boulder beetle bites you but does no damage.
You hit the boulder beetle. You freeze the boulder beetle.
You bite the boulder beetle, but do no damage.
The boulder beetle is severely wounded.
You hit the boulder beetle but do no damage.
The boulder beetle is severely wounded.
The boulder beetle leaps!
The boulder beetle leaps!
You block the boulder beetle's attack.
You barely miss the boulder beetle.
The boulder beetle is severely wounded.
You slash the boulder beetle! You freeze the boulder beetle.
You tail-slap the boulder beetle.
You kill the boulder beetle!
No target in view!
No target in view!
Key pressed, stopping explore.
Key pressed, stopping explore.
You see here a +0 dire flail.
Key pressed, stopping explore.
Items here: ( )))).
Things that are here:
a +0 arbalest; 19 bolts Done exploring.
Done exploring.
Done exploring.
Done exploring.
Done exploring.
Done exploring.
(D) Dungeon (T) Temple (L) Lair (S) Swamp (P) Snake Pit (M) Slime Pits (O) Orcish Mines (E) Elven Halls (V) Vaults (U) Depths
Where to? (Enter - D:14 @ (x,y), ? - help)
What level of the Swamp? (default 1, ? - help)
You see here a +0 dire flail.
Things that are here:
a +0 short sword; a +0 war axe
There is a stone staircase leading up here.
You climb upwards.
There is a stone staircase leading down here.
There is a stone staircase leading up here.
You climb upwards.
There is a stone staircase leading down here.
There is a stone staircase leading up here.
You climb upwards.
Level annotation: 1 runed translucent door, olmar's ghost, journeyman DDFi
There is a stone staircase leading down here.
The komodo dragon misses you.
You slash the komodo dragon! You freeze the komodo dragon.
The komodo dragon is lightly wounded.
You block the komodo dragon's attack.
You completely miss the komodo dragon. You bite the komodo dragon.
The komodo dragon is splashed with acid.
The acid corrodes the komodo dragon!
The komodo dragon is moderately wounded.
The komodo dragon bites you!
You slash the komodo dragon! You freeze the komodo dragon.
Your bite misses the komodo dragon.
The komodo dragon is severely wounded.
You slash the komodo dragon! You freeze the komodo dragon.
You kill the komodo dragon!
Training target 15.0 for Conjurations reached!
Your Conjurations skill increases to level 15!
No target in view!
No target in view!
No target in view!
No target in view!
No target in view!
No target in view!
No target in view!
No target in view!
No target in view!
No target in view!
No target in view!
HP restored.
Things that are here:
a +0 robe; a +0 dagger Could not explore, unopened runed door.
Could not explore, unopened runed door.
(D) Dungeon (T) Temple (L) Lair (S) Swamp (P) Snake Pit (M) Slime Pits (O) Orcish Mines (E) Elven Halls (V) Vaults (U) Depths
Where to? (Enter - Swamp:1, ? - help) Olmar's ghost turns its malevolent gaze towards you.
There is a stone staircase leading up here.
You climb upwards.
There is a stone staircase leading down here.
There is an open door here.
There is a stone staircase leading up here.
You climb upwards.
There is a stone staircase leading down here.
There is an open door, spattered with blood here.
There is a staircase to the Lair here.
You climb downwards.
Welcome back to the Lair of Beasts!
There is a staircase back to the Dungeon, spattered with blood here.
There is a stone staircase leading down here.
You climb downwards.
There is a stone staircase leading up here.
There is a stone staircase leading down here.
You climb downwards.
There is a stone staircase leading up here.
There is a stone staircase leading down here.
You climb downwards.
There is a stone staircase leading up here.
There is a staircase to the Swamp here.
You climb downwards.
Welcome to the Swamp!
This branch is very noisy, and so sound travels much less far.
This branch contains the decaying rune of Zot.
Found a ring mail and a book of the Earth.
Found two stone staircases leading down.
There is a staircase back to the Lair here.
A bloated husk comes into view.
The fireball explodes!
The fireball engulfs the bloated husk!!
The bloated husk is almost destroyed.
The bloated husk is engulfed in a cloud of scalding steam.
The bloated husk explodes!
A swamp worm comes into view.
You can't see any susceptible monsters within range! (Use Z to cast anyway.)
There is a staircase back to the Lair here.
The fireball explodes!
You hear a deafening roar!
You can't see any susceptible monsters within range! (Use Z to cast anyway.)
A spriggan rider comes into view. It is wielding a +0 spear.
The fireball explodes!
The fireball engulfs the swamp worm!!
You kill the swamp worm!
The spriggan rider shouts!
You hear a deafening roar!
A spriggan rider comes into view. It is wielding a +0 spear.
The spriggan rider is engulfed in a cloud of scalding steam.
Casting: Fireball (mildly dangerous; 2% risk of failure)
Confirm with . or Enter, or press ? or * to list all spells.
Aiming: Fireball (mildly dangerous; 2% risk of failure)
Press: ? - help, Shift-Dir - straight line The fireball explodes!
The fireball engulfs the spriggan rider!!
The spriggan rider is heavily wounded.
The spriggan rider is engulfed in a cloud of scalding steam. x2
Casting: Fireball (mildly dangerous; 2% risk of failure)
Confirm with . or Enter, or press ? or * to list all spells.
Aiming: Fireball (mildly dangerous; 2% risk of failure)
Press: ? - help, Shift-Dir - straight line The fireball explodes!
The fireball engulfs the spriggan rider!!
You kill the hornet!
The spriggan falls from its now dead mount.
The spriggan is lightly wounded.
The fireball engulfs the spriggan rider!
You hear a splash.
You kill the spriggan!
The hornet is heavily wounded.
The hornet is engulfed in a cloud of scalding steam.
The spriggan is engulfed in a cloud of scalding steam.
Your Stealth skill increases to level 3!
Casting: Fireball (mildly dangerous; 2% risk of failure)
Confirm with . or Enter, or press ? or * to list all spells.
Aiming: Fireball (mildly dangerous; 2% risk of failure)
Press: ? - help, Shift-Dir - straight line, f - hornet
Aim: a hornet (steam, heavily wounded)
You miscast Fireball.
You are very lightly contaminated with residual magic.
Sparks fly from your hands. You resist.
* * * LOW MAGIC WARNING * * *
You block the hornet's attack.
You slice the hornet!! You freeze the hornet.
You kill the hornet!
A tyrant leech comes into view.
The spriggan is engulfed in a cloud of scalding steam.
The spriggan splashes around in the water.
You enter the shallow water.
Moving in this stuff is going to be slow.
A swamp dragon comes into view.
The spriggan is engulfed in a cloud of scalding steam.
You kill the spriggan!
You hear a splash.
A shambling mangrove comes into view.
You see here a hornet corpse.
There is a staircase back to the Lair here.
The tyrant leech bites you.
The tyrant leech draws strength from your injuries!
The swamp dragon bites you but does no damage.
You block the swamp dragon's attack.
The swamp dragon tramples you but does no damage.
There is a staircase back to the Lair here.
You slash the tyrant leech! You freeze the tyrant leech.
The tyrant leech is lightly wounded.
The tyrant leech bites you but does no damage.
You slice the tyrant leech!! You freeze the tyrant leech!
The tyrant leech is heavily wounded.
You hit the tyrant leech. You freeze the tyrant leech.
The tyrant leech is severely wounded.
You hit the tyrant leech but do no damage.
You tail-slap the tyrant leech.
The tyrant leech is severely wounded.
The tyrant leech barely misses you.
Roots burst forth from the earth!
The grasping roots grab you! The grasping roots constrict you!
You slash the tyrant leech! You freeze the tyrant leech.
Your tail-slap misses the tyrant leech.
Your bite misses the tyrant leech.
The tyrant leech is almost dead.
Casting: Fireball (mildly dangerous; 2% risk of failure)
Confirm with . or Enter, or press ? or * to list all spells.
Casting: Flame Wave (mildly dangerous; 1% risk of failure)
Press: ? - help, Dir - look around, f - activate A wave of flame ripples out!
The mangrove smoulders and burns.
The flame wave engulfs the tyrant leech!
You kill the tyrant leech! (Press . to intensify the flame waves.)
* * * LOW MAGIC WARNING * * *
You hear a hideous shriek!
The grasping roots constrict you!
A wave of flame ripples out!
The flame wave engulfs the shambling mangrove!
The shambling mangrove is lightly damaged.
The flame wave engulfs the swamp dragon!!
The swamp dragon is moderately wounded.
The mangrove smoulders and burns.
* * * LOW MAGIC WARNING * * *
The shambling mangrove is engulfed in a cloud of scalding steam.
The shambling mangrove hits you but does no damage.
The grasping roots constrict you!
The swamp dragon is engulfed in blazing flames.
The swamp dragon barely misses you. x2; The swamp dragon tramples you.
You are held in place!
Your magical contamination has completely faded away.
A wave of flame ripples out!
The flame wave engulfs the shambling mangrove!
The shambling mangrove is moderately damaged.
The flame wave engulfs the swamp dragon!
The swamp dragon is heavily wounded.
The mangrove smoulders and burns.
* * * LOW MAGIC WARNING * * *
You finish channelling waves of flame.
A bunyip comes into view.
The bunyip is engulfed in blazing flames.
The swamp dragon is engulfed in blazing flames.
The swamp dragon breathes poison at you.
The blast of poison engulfs you!
You are poisoned.
The shambling mangrove is engulfed in a cloud of scalding steam.
The shambling mangrove hits you! The grasping roots constrict you.
Found 20 stones.
Unknown command.
Unknown command.
Unknown command.
Unknown command.
Casting: Flame Wave (mildly dangerous; 1% risk of failure)
Confirm with . or Enter, or press ? or * to list all spells.
You don't know that spell.
Okay, then.
Unknown command.
Unknown command.
Unknown command.
Okay, then.
Unknown command.
You slash the swamp dragon! You freeze the swamp dragon.
The swamp dragon is almost dead.
You are engulfed in poison gas.
You are more poisoned.
You feel very sick.
You completely miss the shambling mangrove.
The shambling mangrove is heavily damaged.
You are engulfed in poison gas.
You are more poisoned.
You feel very sick.
The swamp dragon is engulfed in blazing flames.
You kill the swamp dragon!
You hear a splash.
The swamp dragon scales are intact enough to wear.
A bog body comes into view.
The bunyip howls a warning cry!
The shambling mangrove is engulfed in a cloud of scalding steam.
You block the shambling mangrove's attack.
The grasping roots constrict you.
You hear a roar!
You hit the shambling mangrove. You freeze the shambling mangrove.
The shambling mangrove is severely damaged.
You are engulfed in poison gas.
You are more poisoned.
You feel very sick. The bunyip claws you!
* * * LOW HITPOINT WARNING * * *
You block the bunyip's attack. The bunyip claws you!!
* * * LOW HITPOINT WARNING * * *
Okay, then.
Unknown command.
You feel better.
You are engulfed in poison gas.
You are poisoned.
* * * LOW HITPOINT WARNING * * *
You feel very sick.
The shambling mangrove is engulfed in a cloud of scalding steam.
You block the shambling mangrove's attack.
The grasping roots constrict you!
* * * LOW HITPOINT WARNING * * *
Okay, then.
Unknown command.
Casting: Flame Wave (mildly dangerous; 1% risk of failure)
Confirm with . or Enter, or press ? or * to list all spells.
You don't have enough magic to cast this spell.
Okay, then.
You feel much better.
You feel very sick.
The shambling mangrove is engulfed in a cloud of scalding steam.
The shambling mangrove hits you!
* * * LOW HITPOINT WARNING * * *
The grasping roots constrict you!
* * * LOW HITPOINT WARNING * * *
Casting: Flame Wave (mildly dangerous; 1% risk of failure)
Confirm with . or Enter, or press ? or * to list all spells.
You escape the roots' grasp.
You blink.
Splash!
You fall into the shallow water.
Moving in this stuff is going to be slow.
Found 21 gold pieces.
* * * LOW MAGIC WARNING * * *
You feel very sick.
The shambling mangrove is engulfed in a cloud of scalding steam.
You feel much better.
You feel sick.
Okay, then.
Unknown command.
Unknown command.
Okay, then.
Okay, then.
Aiming: Paralyse
Press: ? - help, Shift-Dir - straight line, f - bunyip
Aim: a bunyip (catching its breath, chance to affect: 15%)
Okay, then.
Unknown command.
Unknown command.
Okay, then.
Unknown command.
Unknown command.
Press: ? - help, v - describe, . - travel, g - get item
Here: a shambling mangrove (almost destroyed)
Items here: a +0 spear; a spriggan corpse.
Some shallow water.
Unknown command.
Unknown command.
Unknown command.
Your unstable footing causes you to fumble your attack.
You feel sick.
Roots burst forth from the earth!
The grasping roots grab you! The grasping roots constrict you!!
* * * LOW HITPOINT WARNING * * *
The bunyip claws you but does no damage. x3
You barely miss the shambling mangrove.
You bite the shambling mangrove, but do no damage.
The shambling mangrove is almost destroyed.
You feel sick.
Your unstable footing causes you to fumble your attack.
You feel sick. The shambling mangrove hits you!
* * * LOW HITPOINT WARNING * * *
The grasping roots constrict you.
You die...

. ..≈§≈>♣ .(. ≈≈
♣.≈≈≈.♣...
≈≈§♣♣.≈≈≈.♣≈♣
.§§.§§.≈n♣♣♣♣♣♣≈
♣≈°○≈...[.♣≈...
...♣≈≈○[.≈≈≈...≈≈≈
≈§≈§§≈≈<†≈≈≈≈...≈≈
≈≈≈.....≈fx≈≈.....
≈§.......≈@≈≈.....
≈.≈≈≈.>.≈.≈≈≈....$
.≈≈≈≈.≈≈≈.≈≈≈.....
.≈≈≈≈≈≈≈≈≈≈≈:...§≈
.≈≈≈≈≈≈≈≈≈≈..≈♣≈≈≈
♣.≈≈≈≈≈≈≈≈.♣♣♣♣ ..
♣..≈≈≈≈≈≈≈.≈ ♣
♣..≈≈≈≈..≈.♣


You could see a shambling mangrove, a bunyip and a bog body.

Vanquished Creatures
  An orc warlord (Orc:2)
  Azrael (Orc:2)
  A minotaur (Gauntlet)
  Snorg (Orc:1)
  A fire dragon (Lair:6)
  Josephine (D:12)
  A great orb of eyes (D:15)
  11 hydras
  Harold (D:11)
  5 boulder beetles
  6 centaur warriors
  An ogre mage (D:15)
  2 catoblepae (Gauntlet)
  7 two-headed ogres
  3 death yaks
  A tengu warrior (D:14)
  3 orc high priests (Orc:2)
  A fire crab (Lair:6)
  A deep troll (D:13)
  11 skeletal warriors
  A swamp dragon (Swamp:1)
  A lindwurm (shapeshifter) (D:13)
  A necromancer (D:15)
  5 deep elf pyromancers
  4 orc knights
  A wizard (D:15)
  9 ugly things
  4 manticores
  11 cyclopes
  6 slime creatures
  6 orc sorcerers
  5 elephants (Lair:6)
  A worldbinder (Gauntlet)
  Maurice (Orc:1)
  A naga mage (D:15)
  2 molten gargoyles (Lair:6)
  6 black mambas
  5 cane toads
  An ice statue (Gauntlet)
  A torpor snail (Lair:3)
  5 gargoyles
  10 komodo dragons
  An unseen horror (D:10)
  A kobold demonologist (D:12)
  5 yaktaurs
  3 rime drakes
  4 trolls
  3 meliai (D:15)
  2 hornets (Swamp:1)
  A polar bear (Lair:4)
  A bloated husk (Swamp:1)
  A tyrant leech (Swamp:1)
  A meliai (shapeshifter) (D:15)
  2 queen bees
  16 blink frogs
  2 centaur simulacra (D:15)
  2 shadows
  2 spriggans (Swamp:1)
  7 wraiths
  8 wyverns
  77 yaks
  6 fire elementals (Orc:2)
  3 steam dragons
  A redback simulacrum (D:14)
  6 basilisks
  8 vampire mosquitoes (D:12)
  Edmund (D:4)
  A swamp worm (Swamp:1)
  4 nagas (Lair:4)
  6 hell hounds
  17 water moccasins
  3 ice beasts
  3 sky beasts
  28 orc warriors
  3 black bears
  7 ogres
  A necrophage (D:4)
  18 wolves
  18 centaurs
  2 boggarts (Gauntlet)
  3 kobold brigands
  5 bullfrogs
  2 gnoll sergeants
  7 scorpions
  6 water moccasin zombies
  A water moccasin skeleton (D:5)
  35 killer bees
  3 howler monkeys
  2 bullfrog zombies
  A lava snake (Lair:6)
  5 centaur zombies
  2 jellies
  3 hounds
  A bullfrog skeleton (D:5)
  A gnoll shaman (D:7)
  21 orc priests
  4 centaur skeletons
  Jessica (D:3)
  A scorpion zombie (D:3)
  3 iguanas
  23 orc wizards
  A killer bee zombie (D:6)
  A hound skeleton (D:4)
  2 mummies (Ossuary)
  3 howler monkey zombies
  12 gnolls
  4 adders
  3 white imps
  2 ufetubi (D:5)
  4 adder zombies (Ossuary)
  3 worms
  5 dart slugs
  82 orcs
  7 endoplasms
  3 giant cockroaches
  2 gnoll zombies (Ossuary)
  8 hobgoblins
  5 jackals
  28 kobolds
  6 quokkas
  6 ball pythons
  A ball python zombie (D:3)
  4 bats
  2 frilled lizards
  9 goblins
  5 hobgoblin zombies (Ossuary)
  4 kobold zombies (Ossuary)
  4 orc zombies (Ossuary)
  A quokka zombie (D:3)
  21 rats
  A bush (D:15)
791 creatures vanquished.

Vanquished Creatures (others)
  19 bushes (D:15)
  26 fungi
  28 plants
  2 withered plants (D:12)
75 creatures vanquished.

Grand Total: 866 creatures vanquished

Notes
Turn   | Place    | Note
-------+----------+-------------------------------------------
     0 | D:1      | sleeves the Draconian Cinder Acolyte began the quest for
                  | the Orb.
     0 | D:1      | Reached XP level 1. HP: 19/19 MP: 2/2
    22 | D:1      | HP: 8/19 [frozen (3)]
   214 | D:1      | HP: 8/19 [kobold (4)]
   219 | D:1      | HP: 4/19 [frozen (1)]
   476 | D:1      | Found a faded altar of an unknown god.
   488 | D:1      | Reached skill level 2 in Spellcasting
   488 | D:1      | Reached XP level 2. HP: 26/26 MP: 5/5
   501 | D:1      | Learned a level 2 spell: Scorch
  1120 | D:2      | Reached XP level 3. HP: 24/31 MP: 7/7
  1199 | D:2      | Reached skill level 3 in Spellcasting
  1338 | D:2      | HP: 11/31 [orc (6)]
  2365 | D:3      | Found an ornate altar of the Wu Jian Council.
  2373 | D:3      | Reached XP level 4. HP: 35/38 MP: 9/9
  2453 | D:3      | Found a shimmering altar of Xom.
  2528 | D:3      | Reached skill level 4 in Spellcasting
  2538 | D:3      | Found a basalt altar of Yredelemnul.
  2806 | D:3      | Found a burning altar of Makhleb.
  2992 | D:3      | Noticed Jessica
  3003 | D:3      | Killed Jessica
  3004 | D:3      | Reached XP level 5. HP: 26/45 MP: 9/12
  3054 | D:3      | Found a runed translucent door.
  3055 | D:3      | Noticed Crazy Yiuf
  3635 | D:4      | Found a staircase to the Ecumenical Temple.
  3656 | D:4      | Reached skill level 5 in Spellcasting
  3711 | D:4      | Found a runed translucent door.
  3769 | D:4      | Noticed a black bear
  3875 | D:3      | Killed a black bear
  3876 | D:3      | Reached XP level 6. HP: 46/51 MP: 10/14
  3990 | D:4      | Noticed a steam dragon
  4015 | D:4      | Killed a steam dragon
  4016 | D:4      | Reached skill level 4 in Long Blades
  4016 | D:4      | Reached skill level 6 in Spellcasting
  4100 | D:4      | Found a runed translucent door.
  4101 | D:4      | Noticed sirboomalot's ghost (amateur DsFi)
  4257 | D:4      | Got the Handbook of the Eternal Void
  4294 | D:4      | Learned a level 4 spell: Iskenderun's Mystic Blast
  4333 | D:4      | Noticed Sigmund
  4334 | D:4      | Noticed Sigmund
  4334 | D:4      | Sigmund changed into Sigmund the iguana
  4339 | D:4      | Your scales start taking on a golden yellow colour.
  4339 | D:4      | Reached XP level 7. HP: 57/57 MP: 9/16
  4339 | D:4      | Gained mutation: You are resistant to acid. (rCorr) [Yellow
                  | Draconian growth]
  4343 | D:4      | Killed Sigmund the iguana
  4455 | D:4      | Reached skill level 1 in Conjurations
  4500 | D:4      | Noticed Edmund
  4535 | D:4      | Killed Edmund
  4536 | D:4      | Reached skill level 5 in Long Blades
  4536 | D:4      | Reached skill level 2 in Conjurations
  4679 | D:4      | Found a snail-covered altar of Cheibriados.
  4729 | D:5      | Entered Level 5 of the Dungeon
  4758 | D:5      | Reached skill level 3 in Conjurations
  4812 | D:5      | Reached skill level 4 in Conjurations
  4976 | D:5      | Reached skill level 5 in Conjurations
  4976 | D:5      | Reached XP level 8. HP: 45/63 MP: 14/17
  5219 | D:5      | Found a glowing golden altar of the Shining One.
  5620 | D:5      | Reached skill level 6 in Conjurations
  5968 | D:6      | Reached skill level 6 in Long Blades
  6053 | D:6      | Found a sand-covered staircase.
  6081 | Ossuary  | Entered an ossuary
  6183 | Ossuary  | Reached skill level 7 in Conjurations
  6411 | D:6      | Reached XP level 9. HP: 70/70 MP: 11/18
  6480 | D:6      | Reached skill level 7 in Long Blades
  6729 | D:6      | Found Atsiudy's Serpentskin Sales.
  7005 | D:6      | Found a sacrificial altar of Ru.
  7030 | D:6      | Found a bloodstained altar of Trog.
  7264 | D:6      | Reached skill level 8 in Conjurations
  7610 | D:7      | Reached skill level 8 in Long Blades
  8006 | D:7      | Reached skill level 1 in Shields
  8239 | D:7      | Reached skill level 2 in Shields
  8306 | D:7      | Reached skill level 9 in Conjurations
  8655 | D:8      | Learned a level 2 spell: Blink
  8720 | D:8      | HP: 34/70 [yak (14)]
  8739 | D:8      | HP: 31/70 [yak (12)]
  8747 | D:8      | Reached skill level 3 in Shields
  8747 | D:8      | Reached skill level 1 in Translocations
  8747 | D:8      | Reached XP level 10. HP: 44/77 MP: 4/19
  8754 | D:8      | HP: 38/77 [yak (9)]
  8759 | D:8      | Reached skill level 9 in Long Blades
  8929 | D:8      | HP: 38/77 [yak (3)]
  8937 | D:8      | HP: 33/77 [yak (14)]
  8939 | D:8      | Reached skill level 2 in Translocations
  9121 | D:8      | Reached skill level 4 in Shields
  9163 | D:8      | Reached skill level 3 in Translocations
  9168 | D:8      | HP: 34/77 [yak (10)]
  9177 | D:8      | HP: 35/77 [yak (10)]
  9578 | D:8      | Found a blossoming altar of Fedhas.
  9620 | D:8      | HP: 17/77 [orc warrior (26)]
  9811 | D:8      | Found a broken altar of Ashenzari.
 10184 | D:9      | Reached skill level 10 in Conjurations
 10206 | D:9      | Reached skill level 4 in Translocations
 10627 | D:9      | Found Fiderih's Jewellery Shop.
 10664 | D:9      | Reached skill level 4 in Fighting
 11021 | D:9      | Found an ancient bone altar of Kikubaaqudgha.
 11053 | D:9      | Reached skill level 10 in Long Blades
 11320 | D:9      | Reached skill level 5 in Translocations
 11320 | D:9      | Reached XP level 11. HP: 82/85 MP: 20/20
 11444 | D:9      | Reached skill level 5 in Fighting
 11799 | D:10     | Entered Level 10 of the Dungeon
 11819 | D:10     | HP: 41/88 [yak (12)]
 11824 | D:10     | HP: 31/88 [yak (5)]
 11947 | D:10     | Found Ablicablaxa's Weapon Shoppe.
 12003 | D:10     | Noticed a two-headed ogre
 12100 | D:9      | HP: 29/89 [two-headed ogre (17)]
 12177 | D:9      | HP: 30/89 [two-headed ogre (18)]
 12217 | D:9      | HP: 44/89 [two-headed ogre (16)]
 12238 | D:9      | Killed a two-headed ogre
 12239 | D:9      | Reached skill level 6 in Fighting
 12381 | D:10     | Reached skill level 11 in Long Blades
 12504 | D:10     | Reached skill level 7 in Fighting
 12662 | D:10     | Noticed a centaur warrior
 12918 | D:10     | Killed a centaur warrior
 12975 | D:10     | Found a staircase to the Orcish Mines.
 13210 | D:10     | Learned a level 4 spell: Hailstorm
 13225 | D:10     | Found a staircase to the Lair.
 13445 | D:10     | Found a glowing silver altar of Zin.
 13551 | D:11     | Noticed a purple ugly thing
 13590 | D:11     | Noticed Harold
 13607 | D:11     | Killed Harold
 13750 | D:11     | Found a flagged portal.
 13779 | Bailey   | Entered a bailey
 13917 | Bailey   | Noticed an orc knight
 13937 | Bailey   | Killed an orc knight
 14061 | Bailey   | Identified the +10 falchion of the Coin {freeze, Will+
                  | Dex+4 Stlth+}
 14073 | Bailey   | Reached skill level 8 in Fighting
 14168 | Bailey   | Found an iron altar of Okawaru.
 14199 | Bailey   | IEatYoBabies: Good find
 14199 | Bailey   | sleeves: yes sir
 14461 | D:11     | Noticed Urug
 14464 | D:11     | Noticed Urug
 14464 | D:11     | Urug changed into Urug the queen bee
 14486 | D:11     | Killed Urug the queen bee
 14624 | D:11     | Found a sparkling altar of Nemelex Xobeh.
 14660 | D:11     | Noticed a skeletal warrior
 14684 | D:11     | HP: 42/95 [skeletal warrior[a skeletal warrior] (17)]
 14696 | D:11     | Killed a skeletal warrior
 14783 | D:11     | Noticed a skeletal warrior
 14784 | D:11     | Noticed a skeletal warrior
 14785 | D:11     | Noticed a skeletal warrior
 14903 | Lair:1   | Entered Level 1 of the Lair of Beasts
 14903 | Lair:1   | Noticed a seven-headed hydra
 14910 | D:10     | HP: 47/95 [seven-headed hydra (11)]
 15002 | D:10     | HP: 43/95 [five-headed hydra (7)]
 15050 | D:10     | HP: 41/95 [four-headed hydra (9)]
 15079 | D:10     | Killed a one-headed hydra
 15080 | D:10     | Reached skill level 9 in Fighting
 15080 | D:10     | Reached XP level 12. HP: 58/104 MP: 22/22
 15211 | Lair:1   | Noticed a four-headed hydra
 15232 | Lair:1   | IEatYoBabies: Walking away is such cheese.
 15237 | Lair:1   | IEatYoBabies: OP
 15242 | Lair:1   | Killed a one-headed hydra
 15243 | Lair:1   | Reached skill level 7 in Spellcasting
 15244 | Lair:1   | sleeves: yea haha especially with the amu of regen
 15338 | Lair:1   | HP: 52/105 [killer bee (6)]
 15343 | Lair:1   | HP: 51/105 [poisoned by a killer bee]
 15353 | Lair:1   | HP: 51/105 [queen bee (10)]
 15358 | Lair:1   | HP: 35/105 [poisoned by a queen bee]
 15363 | Lair:1   | HP: 36/105 [poisoned by a queen bee]
 15457 | Lair:1   | Reached skill level 12 in Long Blades
 15677 | Lair:1   | Reached skill level 10 in Fighting
 15811 | Lair:1   | Reached skill level 11 in Conjurations
 15891 | Lair:1   | IEatYoBabies: I was watching that health go back up, and
                  | yeah, you're no troll. It was going up super fast.
 16434 | Lair:2   | Reached skill level 8 in Spellcasting
 16703 | Lair:2   | IEatYoBabies: I love playing trolls though.
 16756 | Lair:2   | sleeves: can be fun yea
 17018 | Lair:2   | HP: 45/106 [blink frog (15)]
 17218 | Lair:2   | Noticed a six-headed hydra
 17235 | Lair:2   | Killed a one-headed hydra
 17431 | Lair:3   | Reached XP level 13. HP: 109/113 MP: 20/25
 17606 | Lair:3   | Reached skill level 13 in Long Blades
 17746 | Lair:3   | Reached skill level 12 in Conjurations
 17826 | Lair:3   | Reached skill level 9 in Spellcasting
 17842 | Lair:3   | Found a shimmering blue altar of Sif Muna.
 17968 | Lair:3   | Learned a level 3 spell: Mephitic Cloud
 18100 | Lair:3   | HP: 41/113 [komodo dragon (22)]
 18123 | Lair:3   | HP: 53/113 [komodo dragon (17)]
 18646 | Lair:4   | Found a staircase to the Snake Pit.
 18716 | Lair:4   | Found a shimmering altar of Xom.
 18873 | Lair:4   | Learned a level 4 spell: Passage of Golubria
 18942 | Lair:4   | Found a staircase to the Swamp.
 18945 | Lair:4   | Identified the ring "Nefuyll" {Dex+6 Slay+3}
 18959 | Lair:4   | Got the Grimoire of Dusty Transmigration
 19664 | Lair:5   | Learned a level 4 spell: Flame Wave
 19778 | Lair:5   | Found a runed translucent door.
 19778 | Lair:5   | Found a viscous altar of Jiyva.
 19779 | Lair:5   | Found a staircase to the Slime Pits.
 19779 | Lair:5   | Noticed an azure jelly
 19829 | Lair:5   | IEatYoBabies: It's crazy how well a -1 flaming sword can
                  | take outy a hydra
 19852 | Lair:5   | IEatYoBabies: Out*
 19852 | Lair:5   | sleeves: xd
 19963 | Lair:5   | HP: 56/114 [poisoned by a cane toad]
 19968 | Lair:5   | HP: 55/114 [poisoned by a cane toad]
 20248 | Lair:6   | Entered Level 6 of the Lair of Beasts
 20257 | Lair:6   | Found a gate leading to a gauntlet.
 20343 | Gauntlet | Entered a Gauntlet
 20343 | Gauntlet | Found a transporter.
 20343 | Gauntlet | Found a transporter.
 20343 | Gauntlet | Found a transporter.
 20347 | Gauntlet | Found a transporter.
 20347 | Gauntlet | Found a transporter.
 20349 | Gauntlet | Found a large runed translucent door.
 20350 | Gauntlet | Found a large runed translucent door.
 20351 | Gauntlet | Found a large runed translucent door.
 20351 | Gauntlet | Found a large runed translucent door.
 20351 | Gauntlet | Found a runed translucent door.
 20351 | Gauntlet | Found a runed translucent door.
 20352 | Gauntlet | Found a large runed translucent door.
 20352 | Gauntlet | Found a large runed translucent door.
 20352 | Gauntlet | Found a large runed translucent door.
 20352 | Gauntlet | Found a large runed translucent door.
 20353 | Gauntlet | Found a large runed translucent door.
 20353 | Gauntlet | Found a large runed translucent door.
 20354 | Gauntlet | Found a large runed translucent door.
 20354 | Gauntlet | Found a large runed translucent door.
 20355 | Gauntlet | Found a runed translucent gate.
 20355 | Gauntlet | Found a runed translucent gate.
 20355 | Gauntlet | Found a runed translucent gate.
 20357 | Gauntlet | Found a transporter.
 20357 | Gauntlet | Noticed a green death
 20365 | Gauntlet | Noticed a minotaur
 20367 | Gauntlet | Found a large runed translucent door.
 20368 | Gauntlet | Found a large runed translucent door.
 20377 | Gauntlet | Found a large runed translucent door.
 20377 | Gauntlet | Found a large runed translucent door.
 20422 | Gauntlet | Found a transporter.
 20432 | Gauntlet | Found a transporter.
 20447 | Gauntlet | Found a transporter.
 20457 | Gauntlet | Found a transporter.
 20472 | Gauntlet | Found a transporter.
 20478 | Gauntlet | Found a transporter.
 20570 | Gauntlet | Reached skill level 11 in Fighting
 20930 | Gauntlet | HP: 46/116 [minotaur/silver javelin (37)]
 20938 | Gauntlet | HP: 55/116 [minotaur (34)]
 20959 | Gauntlet | Killed a minotaur
 20981 | Gauntlet | Identified the +3 leather armour "Etsemoq" {Harm Regen+
                  | rCorr}
 20984 | Gauntlet | Identified the +9 short sword of Prudence {freeze, rElec
                  | rPois Will++ Dex-2}
 21151 | Lair:6   | Reached skill level 10 in Spellcasting
 21530 | Lair:6   | Reached skill level 12 in Fighting
 21550 | Lair:6   | Gained mutation: You have acidic saliva. [Yellow Draconian
                  | growth]
 21550 | Lair:6   | Reached XP level 14. HP: 97/126 MP: 28/28
 21629 | Lair:6   | Reached skill level 13 in Conjurations
 21670 | Lair:6   | Found a large runed translucent door.
 21670 | Lair:6   | Found a large runed translucent door.
 21694 | Lair:6   | HP: 62/127 [poisoned by a black mamba]
 21698 | Lair:6   | Reached skill level 14 in Long Blades
 21699 | Lair:6   | HP: 47/127 [poisoned by a black mamba]
 21704 | Lair:6   | HP: 47/127 [poisoned by a black mamba]
 22160 | Lair:6   | Identified the +0 chain mail "Qirphem" {Contam Will+
                  | Stlth+}
 22663 | Orc:1    | Entered Level 1 of the Orcish Mines
 22663 | Orc:1    | Noticed Maurice
 22663 | Orc:1    | Found Boptaape's Assorted Antiques.
 22669 | Orc:1    | Killed Maurice
 22705 | Orc:1    | Bought a warped marble ring for 180 gold pieces
 22705 | Orc:1    | Identified the ring of the Salmon {rF+ Will+} (You bought
                  | it in a shop on level 1 of the Orcish Mines)
 22764 | Orc:2    | Entered Level 2 of the Orcish Mines
 22979 | Orc:2    | Found a staircase to the Elven Halls.
 23009 | Orc:2    | Noticed Azrael
 23036 | Orc:2    | Killed Azrael
 23037 | Orc:2    | Reached skill level 13 in Fighting
 23173 | Orc:2    | Noticed an orc warlord
 23181 | Orc:2    | Killed an orc warlord
 23182 | Orc:2    | Reached skill level 5 in Shields
 23231 | Orc:2    | HP: 58/129 [ice devil[an orc sorcerer] (23)]
 23236 | Orc:2    | HP: 24/129 [orc priest/divine providence (10)]
 23246 | Orc:2    | HP: 45/129 [orc priest (7)]
 23250 | Orc:2    | HP: 14/129 [orc high priest/divine providence (14)]
 23699 | Orc:2    | Reached skill level 11 in Spellcasting
 23932 | Orc:2    | Found Ekateod's Antique Armour Emporium.
 23933 | Orc:2    | Found Ephi's Antique Weapon Shoppe.
 23935 | Orc:2    | Found Vajoxt's General Store.
 23935 | Orc:2    | Found Xemod's Jewellery Emporium.
 24069 | Orc:1    | Found Jawoan's Book Shoppe.
 24174 | Orc:1    | Bought Ulixohed's Catalogue of Ignition and Conjuration for
                  | 396 gold pieces
 24180 | Orc:1    | Learned a level 5 spell: Fireball
 24206 | Orc:1    | Noticed Snorg
 24216 | Orc:1    | Killed Snorg
 24281 | Orc:1    | Found Ophet Jirph's Distillery.
 24284 | Orc:1    | Bought a potion of heal wounds for 65 gold pieces
 24284 | Orc:1    | Bought a potion of cancellation for 104 gold pieces
 24636 | D:11     | Reached skill level 14 in Fighting
 24636 | D:11     | Reached skill level 6 in Shields
 24712 | D:11     | HP: 58/132 [skeletal warrior[a skeletal warrior] (20)]
 25286 | D:12     | Found a runed translucent door.
 25622 | D:12     | Found a runed translucent door.
 25831 | D:12     | Reached XP level 15. HP: 106/139 MP: 15/30
 25932 | D:12     | Found a runed translucent door.
 25932 | D:12     | Noticed olmar's ghost (journeyman DDFi)
 25950 | D:12     | Noticed Josephine
 26047 | D:12     | Killed Josephine
 26056 | D:12     | Reached skill level 14 in Conjurations
 26252 | D:12     | HP: 64/136 [boulder beetle (9)]
 26257 | D:12     | HP: 63/136 [manticore/volley of spikes (8)]
 26418 | D:12     | Reached skill level 7 in Shields
 26583 | D:12     | Reached skill level 15 in Fighting
 27255 | D:13     | Found a gate to the Vaults.
 27511 | D:14     | HP: 66/141 [cyan ugly thing (13)]
 27753 | D:14     | Reached skill level 8 in Shields
 27799 | D:13     | HP: 69/141 [skeletal warrior[a skeletal warrior] (27)]
 27881 | D:14     | Reached skill level 12 in Spellcasting
 27928 | D:14     | Found a white marble altar of Elyvilon.
 28577 | D:15     | Entered Level 15 of the Dungeon
 28589 | D:15     | HP: 71/143 [two-headed ogre (23)]
 28787 | D:15     | Reached skill level 16 in Fighting
 28973 | D:15     | Reached skill level 1 in Stealth
 29145 | D:15     | Found a staircase to the Depths.
 29266 | D:15     | Reached skill level 2 in Stealth
 29377 | D:15     | Reached skill level 9 in Shields
 29384 | D:15     | Reached skill level 4 in Fire Magic
 29392 | D:15     | Reached XP level 16. HP: 101/151 MP: 4/32
 29935 | D:12     | Reached skill level 15 in Conjurations
 30140 | Swamp:1  | Entered Level 1 of the Swamp
 30153 | Swamp:1  | Reached skill level 3 in Stealth
 30170 | Swamp:1  | HP: 73/151 [poison (poison gas)]
 30170 | Swamp:1  | HP: 35/151 [bunyip (26)]
 30172 | Swamp:1  | HP: 10/151 [constriction (13)]
 30177 | Swamp:1  | HP: 17/151 [poison (poison gas)]
 30177 | Swamp:1  | HP: 3/151 [shambling mangrove (14)]
 30177 | Swamp:1  | Constricted to death by a shambling mangrove

Illustrated notes

Levels and vault maps discovered:
D:1:      scummos_arrival_star, layout_rooms,
          hellmonk_ecumenical_altar_lost_god, grunt_decor_fettered,
          kennysheep_doodads
D:2:      layout_loops_corners, minmay_rat_hole
D:3:      minmay_general_purpose_star, layout_rooms, bloody_makhleb,
          nicolae_yredelemnul_corpse_copse, mainiacjoe_overflow_tiny_flanked,
          mainiacjoe_overflow_surrounded_room, guppyfry_early_orc_mine,
          uniq_crazy_yiuf_cottage, uniq_jessica
D:4:      layout_gridville, chei_slow_surprise,
          minmay_temple_entry_proselytizer, ebering_ghost_sewer_f, uniq_edmund,
          uniq_sigmund
D:5:      layout_loops_cross, lemuel_coloured_pillars_altar,
          kennysheep_opposing_triangles
D:6:      layout_loops_corners, minitemple, chequers_ossuary_entry_cave,
          guppyfry_shop_venom
D:7:      layout_cave_pods
D:8:      layout_loops_ring, general_overflow_altar, overflow_temple_1_default
D:9:      minmay_razor_zed, layout_irregular_city,
          nicolae_overflow_hidden_temple, serial_shops, shop_fountains,
          kennysheep_generic_room_3
D:10:     layout_basic, zin_scriptorium, grunt_lair_entry_orc_guard_hut,
          hiddenorc1_lemuel, serial_shops, shop_fountains
D:11:     layout_irregular_city, enter_bailey_5, nemelex_spade_bored_becter,
          uniq_urug, uniq_harold
D:12:     cheibrodos_histonic, layout_irregular_city, gammafunk_ghost_grave,
          uniq_josephine
D:13:     layout_cave_pools, david_vaults_4
D:14:     layout_grid_maze, elyvilon_altar_3
D:15:     grunt_enter_depths_magical_seal, layout_loops_ring, serial_park_paths
          [serial_park_minivault_5x5_1], minmay_misc_feat_plants
Lair:1:   layout_loops_ring, special_room [special_room_bee]
Lair:2:   layout_gridlike, lemuel_fruit_tree
Lair:3:   layout_long_grid, basic_altar, cheibrodos_lair_reptile_den
Lair:4:   layout_hall_layers, swamp_mist, minmay_snake_entry_guardpost_small,
          basic_altar, st_stairs_3, grunt_megastairs_2
Lair:5:   layout_long_grid, slime_altar_2
Lair:6:   cheibrodos_lair_end_hotspot, layout_loops_ring, gauntlet_entry_generic
Swamp:1:  layout_basic_swamp, nicolae_swamp_ascending_descending_big,
          infiniplex_staircase_pool
Orc:1:    layout_caves, serial_shops, shop, nicolae_shop_behind_doors, shop,
          uniq_maurice, uniq_snorg
Orc:2:    st_orc_congregation, layout_caves, uniq_azrael

Skill      XL: |  1  2  3  4  5  6  7  8  9 10 11 12 13 14 15 16 |
---------------+-------------------------------------------------+-----
Spellcasting   | 2 3 4 5 6 8 10 11 12 | 12.0
Long Blades    | 4 5 6 8 10 11 12 13 14 | 14.0
Conjurations   | 5 7 9 10 11 12 13 14 15 | 15.0
Shields        | 3 4 6 9 |  9.3
Translocations | 1 5 |  5.0
Fighting       | 4 9 10 12 14 16 | 16.0
Stealth        | 2 3 |  3.2
Fire Magic     | 4 |  4.5

Action                   |  1- 3 |  4- 6 |  7- 9 | 10-12 | 13-15 | 16-18 || total
-------------------------+-------+-------+-------+-------+-------+-------++-------
Melee: Falchion          |   142 |   181 |   376 |   312 |   949 |    24 ||  1984
       Tailslap          |    11 |    16 |    46 |    99 |   189 |     3 ||   364
       Long sword        |       |       |    29 |   321 |       |       ||   350
       Short sword       |       |       |       |    19 |       |       ||    19
       Bite              |       |       |       |       |   101 |     3 ||   104
       Scimitar          |       |       |       |       |    23 |       ||    23
Throw: Throwing net      |       |       |       |       |     3 |       ||     3
 Cast: Scorch            |     2 |    16 |   108 |   178 |     1 |       ||   305
       Iskenderun's Myst |       |       |     2 |    45 |    49 |       ||    96
       Hailstorm         |       |       |       |    15 |    16 |       ||    31
       Blink             |       |       |       |     5 |       |     1 ||     6
       Mephitic Cloud    |       |       |       |       |    13 |       ||    13
       Flame Wave        |       |       |       |       |    23 |     1 ||    24
       Fireball          |       |       |       |       |    39 |     8 ||    47
       Passage of Golubr |       |       |       |       |     2 |       ||     2
 Abil: Breathe Acid      |       |       |     5 |    14 |     7 |       ||    26
Evoke: Wand              |       |     1 |       |     4 |     7 |       ||    12
  Use: Scroll            |       |       |     8 |     6 |    11 |       ||    25
       Potion            |       |       |       |       |    11 |     3 ||    14
 Stab: Sleeping          |       |       |       |     3 |    10 |       ||    13
       Distracted        |       |       |       |     1 |     3 |       ||     4
       Confused          |       |       |       |       |     4 |       ||     4
       Invisible         |       |       |       |       |     1 |       ||     1
Armor: Skin              |    50 |    72 |   170 |   230 |   248 |     9 ||   779
Dodge: Dodged            |    68 |   126 |   234 |   382 |   320 |     6 ||  1136
Block: Buckler           |       |       |     3 |   164 |   186 |     7 ||   360

Table legend: (Time is in decaauts)
 A = Elapsed time spent in this place.
 B = Non-inter-level travel time spent in this place.
 C = Inter-level travel time spent in this place.
 D = Time resting spent in this place.
 E = Time spent auto-exploring this place.
 F = Levels seen in this place.
 G = Mean time per level.
                   A        B        C        D        E       F      G
               +--------+--------+--------+--------+--------+-----+--------+
         Total |  29674 |  28250 |   1424 |   3886 |  17973 |  27 | 1099.0 |
       Dungeon |  19920 |  19019 |    901 |   2692 |  12161 |  15 | 1328.0 |
          Lair |   6598 |   6212 |    386 |    526 |   4429 |   6 | 1099.7 |
         Swamp |     33 |     33 |      0 |      0 |      1 |   1 |   33.0 |
  Orcish Mines |   1706 |   1572 |    134 |     85 |   1097 |   2 |  853.0 |
       Ossuary |    263 |    263 |      0 |      0 |    125 |   1 |  263.0 |
        Bailey |    427 |    427 |      0 |    245 |      3 |   1 |  427.0 |
      Gauntlet |    726 |    726 |      0 |    337 |    157 |   1 |  726.0 |
               +--------+--------+--------+--------+--------+-----+--------+

Top non-repeatable levels by time:
    D:10: 1998 daAuts
     D:9: 1887 daAuts
    D:12: 1593 daAuts
     D:8: 1534 daAuts
    D:11: 1486 daAuts
     D:6: 1437 daAuts
     D:2: 1342 daAuts
     D:4: 1334 daAuts
  Lair:6: 1332 daAuts
  Lair:3: 1305 daAuts
  Lair:1: 1231 daAuts
   Orc:2: 1201 daAuts
    D:14: 1188 daAuts
     D:7: 1170 daAuts
    D:15: 1138 daAuts
